Map: Frost LE

Players

Hydra

  • Race: Zerg Zerg

uThermal - Winner!

  • Race: Terran Terran

Event: WCS Copa Intercontinental

VOD

Have the link to the VOD?

Description

Time

  • Played on: Sept. 10, 2016, 4:18 p.m.
  • Length: 7:07

All games in this series

Show
View Real Time Build Order
Export as new Build Order

Hydra Zerg 

Build Orders: Hatch First 

Get SALT Encoding   

  12  0:00  Drone  
  13  0:12  Overlord  
  13  0:17  Drone  
  14  0:30  Drone x2  
  14  0:34  Drone  
  17  0:52  Hatchery  
  17  0:54  Drone  
  17  0:58  Drone  
  18  1:06  Extractor  
  17  1:13  Spawning Pool  
  17  1:16  Drone  
  17  1:19  Drone  
  18  1:27  Drone  
  19  1:39  Overlord  
  19  1:59  Queen  
  19  2:00  Zergling x2  
  19  2:01  Zergling x2  
  23  2:03  Queen  
  23  2:05  Metabolic Boost  
  23  2:07  Zergling x2  
  26  2:10  Drone  
  26  2:15  Drone  
  28  2:21  Drone  
  29  2:26  Drone  
  30  2:33  Drone  
  30  2:35  Queen  
  30  2:36  Drone  
  34  2:43  Pneumatized Carapace  
  34  2:46  Overlord  
  34  2:49  Drone  
  35  2:53  Drone  
  36  2:58  Overlord  
  36  3:06  Drone  
  36  3:07  Drone  
  36  3:08  Drone  
  36  3:09  Drone x2  
  36  3:12  Drone  
  42  3:13  Drone  
  42  3:15  Drone  
  42  3:19  Drone  
  45  3:34  Hatchery  
  44  3:35  Queen  
  44  3:40  Drone  
  47  3:43  Drone  
  47  3:45  Evolution Chamber  
  47  3:46  Drone, Extractor  
  47  3:47  Drone  
  47  3:48  Drone  
  49  3:51  Drone  
  49  3:53  Overlord  
  49  3:55  Drone  
  51  3:57  Drone  
  51  4:00  Overlord  
  52  4:07  Evolution Chamber  
  51  4:11  Queen  
  51  4:17  Drone, Zerg Ground Armor Level 1  
  53  4:18  Drone x2  
  53  4:22  Drone  
  57  4:25  Drone x3  
  57  4:26  Drone  
  57  4:27  Drone  
  57  4:31  Overlord  
  62  4:34  Zerg Melee Weapons Level 1  
  62  4:40  Overlord  
  62  4:46  Queen x2  
  62  4:50  Zergling x6  
  62  4:52  Zergling x2  
  70  4:54  Zergling x2  
  70  4:55  Zergling x2  
  70  4:57  Zergling x4  
  70  4:59  Zergling x2  
  75  5:03  Zergling x6  
  78  5:09  Zergling x6  
  78  5:11  Lair  
  81  5:14  Baneling Nest  
  81  5:19  Drone  
  81  5:21  Drone  
  82  5:25  Overlord  
  82  5:26  Overlord  
  81  5:32  Overlord  
  81  5:41  Zergling x6  
  81  5:42  Zergling x10  
  78  5:47  Drone  
  75  5:50  Drone  
  75  5:54  Drone  
  75  5:56  Drone  
  75  5:57  Drone x3  
  79  5:58  Zergling x2  
  79  6:01  Extractor  
  78  6:05  Drone  
  78  6:07  Drone  
  78  6:08  Drone  
  79  6:13  Drone x3  
  79  6:15  Extractor  
  79  6:18  Extractor x2  
  80  6:20  Drone  
  80  6:27  Drone x3  
  80  6:28  Queen x2  
  80  6:30  Drone  
  80  6:32  Zergling x2  
  89  6:33  Overseer, Zergling x8  
  89  6:35  Baneling x2  
  89  6:36  Zergling x4  
  93  6:49  Zergling x2  
  93  6:50  Zergling x4  
Show
View Real Time Build Order
Export as new Build Order

uThermal Terran - Winner!

Build Orders: Reaper Expand, MMM Bio 

Get SALT Encoding   

  12  0:02  SCV  
  13  0:14  SCV  
  13  0:18  Supply Depot  
  14  0:26  SCV  
  15  0:39  SCV  
  15  0:41  Barracks  
  16  0:45  Refinery  
  16  0:51  SCV  
  17  1:04  SCV  
  18  1:16  SCV  
  19  1:28  Reaper, Orbital Command  
  20  1:43  Command Center  
  20  1:54  SCV  
  21  1:57  Barracks  
  21  2:00  Barracks Reactor  
  21  2:06  SCV  
  22  2:10  Supply Depot  
  22  2:17  Refinery  
  22  2:18  SCV  
  23  2:26  Factory  
  23  2:31  SCV  
  23  2:36  Marine x2  
  26  2:43  SCV  
  27  2:45  Barracks Tech Lab  
  27  2:54  Marine x2  
  27  2:55  SCV  
  27  2:58  Orbital Command  
  30  3:07  Stimpack  
  30  3:09  SCV  
  30  3:10  Marine  
  32  3:13  Marine  
  32  3:16  Marine  
  34  3:23  Starport  
  34  3:26  Factory Reactor  
  34  3:30  SCV  
  34  3:31  SCV  
  36  3:37  Marine x3  
  39  3:42  SCV  
  39  3:44  Supply Depot  
  39  3:45  SCV  
  41  3:51  Supply Depot  
  41  3:55  Marine x3  
  44  3:56  SCV  
  44  3:59  SCV  
  46  4:08  Medivac x2  
  50  4:14  Engineering Bay  
  50  4:16  Engineering Bay  
  50  4:17  Marine x2  
  50  4:20  Marine  
  50  4:24  SCV x2  
  55  4:29  Refinery  
  55  4:31  Supply Depot  
  55  4:36  SCV x2  
  55  4:37  Marine x2  
  59  4:38  Marine  
  59  4:43  Terran Infantry Weapons Level 1  
  59  4:45  Terran Infantry Armor Level 1  
  60  4:48  SCV  
  61  4:54  Supply Depot  
  61  4:55  Marine x2  
  61  4:58  Marine  
  64  5:02  SCV x2  
  64  5:06  Supply Depot  
  66  5:07  Combat Shields  
  66  5:13  Marine x2  
  66  5:14  SCV x2  
  69  5:20  Medivac  
  69  5:21  Medivac  
  74  5:26  SCV  
  75  5:30  Marine  
  75  5:31  Marine  
  77  5:38  SCV  
  77  5:39  SCV  
  77  5:40  Marine  
  79  5:45  Refinery  
  79  5:49  Marine  
  80  5:50  SCV  
  80  5:51  SCV  
  80  5:56  Armory  
  81  5:58  Command Center  
  81  5:59  Medivac  
  81  6:02  Medivac, SCV  
  81  6:03  SCV  
  86  6:08  Marine  
  86  6:09  Marine  
  86  6:13  Factory Reactor  
  86  6:16  Barracks, Supply Depot  
  86  6:17  Marine  
  87  6:25  SCV  
  88  6:26  Supply Depot, Marine x2  
  88  6:27  Supply Depot  
  90  6:33  SCV  
  94  6:46  Marine  
  97  6:47  SCV x2  
  97  6:48  Marine  
Tags
 
Add a new tag
Caveats
  • Supply blocks, unpowered buildings, or Contaminate may cause inaccurate times.
  • Supply counts are checked every 10 seconds.